 Dungeon Crawl Stone Soup version 0.26-a0-612-gd4d190f (webtiles) character file.

Game seed: 9820987974469328179

336 Hazorath the Ruffian (level 6, -9/40 HPs)
             Began as a Kobold Fighter on Sept 8, 2020.
             Mangled by an ogre
             ... wielding a +0 giant spiked club
              (20 damage)
             ... on level 5 of the Dungeon.
             The game lasted 00:09:55 (5053 turns).

Hazorath the Ruffian (Kobold Fighter)               Turns: 5053, Time: 00:09:55

Health: -9/40      AC: 11    Str: 16    XL:     6   Next: 84%
Magic:  6/6        EV:  6    Int:  9    God:
Gold:   253        SH:  0    Dex: 14    Spells: 5/5 levels left

rFire    . . .     SeeInvis .     - Unarmed
rCold    . . .     Faith    .   (shield restricted)
rNeg     . . .     Spirit   .   w - +0 plate armour
rPois    .         Reflect  .   (no helmet)
rElec    .         Harm     .   (no cloak)
rCorr    .                      (no gloves)
MR       +....                  (no boots)
Stlth    ..........             (no amulet)
HPRegen  0.13/turn              e - ring of protection from magic
MPRegen  0.10/turn              (no ring)

@: no status effects
A: small, nightstalker 3
a: no special abilities


You were on level 5 of the Dungeon.
You visited 1 branch of the dungeon, and saw 5 of its levels.

You collected 253 gold pieces.

Inventory:

Hand Weapons
 a - a +0 hand crossbow
Missiles
 h - 22 poisoned darts
 i - 3 atropa-tipped darts (quivered)
 n - 17 sling bullets
 t - 20 bolts
Armour
 w - a +0 plate armour (worn)
Jewellery
 e - a ring of protection from magic (left hand)
Wands
 o - a wand of paralysis (5)
 p - a wand of iceblast (9)
 r - a wand of polymorph (7)
 y - a wand of acid (10)
Scrolls
 f - 2 scrolls of immolation
 j - 7 scrolls of teleportation
 l - 2 scrolls of amnesia
 x - a scroll of magic mapping {unknown}
Potions
 b - 2 potions of berserk rage
 c - 2 potions of might
 d - a potion of cancellation {unknown}
 g - a potion of resistance
 k - a potion of invisibility
 m - 2 potions of lignification {unknown}
 q - 2 potions of mutation {unknown}
 s - a potion of heal wounds {unknown}
 u - a potion of stabbing {unknown}
 v - a potion of brilliance {unknown}


   Skills:
 + Level 5.2 Fighting
 - Level 2.4 Armour
   Level 2.4 Shields
 * Level 5.6 Unarmed Combat


You had 5 spell levels left.
You didn't know any spells.
Your spell library contained the following spells:

 Spells                   Type           Power        Failure   Level
 Animate Skeleton         Necr           #.....       100%        1
 Apportation              Tloc           #.....       100%        1
 Corona                   Hex            #......      100%        1
 Summon Small Mammal      Summ           #...         100%        1


Dungeon Overview and Level Annotations

Branches:
Dungeon (5/15)
 Temple: D:4-7

Altars:
Cheibriados
Elyvilon
Kikubaaqudgha
Uskayaw
Xom

Annotations:
D:4 1 transporter, Zonian's ghost, amateur GnTm


Innate Abilities, Weirdness & Mutations

You are small and have problems with some larger weapons.
You are completely attuned to the shadows.


Message History

Quiver which item? (- for none, * to show all) (? for menu, Esc to quit)
Okay, then.
You hit the ogre.
The ogre is lightly wounded.
The ogre hits you with a +0 giant spiked club!!
Ouch! That really hurt!
The ogre closely misses you.
Found 19 gold pieces.
You punch the ogre!
The ogre is moderately wounded.
Your plate armour prevents you from hitting the ogre.
The ogre is moderately wounded.
The ogre hits you with a +0 giant spiked club!!
Ouch! That really hurt!
* * * LOW HITPOINT WARNING * * *
Okay, then.
Okay, then.
The ogre hits you with a +0 giant spiked club!!
Ouch! That really hurt!
You die...

#. #. ### ##### #_# ##
#...##....#######.#
...#.#.##....#...##...
.#.#.#.##....#...#..#.
....O#.##....#...#.###
....<@.......'...#.###
.#.#.#....#.##..##.#_.
#.#......#.##..'..#..
# #..###.#.##..##.#_.
...# ..#.##...#.###
###.###.##.###
#....##..#..#.
...#.....(##...
..###....()##.#


You could see an ogre.

Vanquished Creatures
  An orc priest (D:3)
  An orc wizard (D:5)
  A bullfrog skeleton (D:5)
  Jessica (D:2)
  Ijyb (D:3)
  A hound zombie (D:5)
  A hound skeleton (D:4)
  A gnoll (D:1)
  A howler monkey skeleton (D:4)
  5 adders
  2 oozes
  An adder skeleton (D:3)
  2 dart slugs
  2 worms (D:3)
  3 leopard geckos
  9 orcs
  8 giant cockroaches
  7 goblins
  10 hobgoblins
  3 jackals (D:3)
  A ball python (D:1)
  3 bats
  4 frilled lizards
  7 kobolds
  9 rats
85 creatures vanquished.

Notes
Turn   | Place    | Note
-------+----------+-------------------------------------------
     0 | D:1      | Hazorath the Kobold Fighter began the quest for the Orb.
     0 | D:1      | Reached XP level 1. HP: 14/14 MP: 1/1
    82 | D:1      | Reached XP level 2. HP: 19/19 MP: 2/2
   591 | D:1      | Reached XP level 3. HP: 17/24 MP: 3/3
  1035 | D:2      | Noticed Jessica
  1343 | D:2      | Killed Jessica
  1343 | D:2      | Reached XP level 4. HP: 23/29 MP: 4/4
  1404 | D:2      | Found a white marble altar of Elyvilon.
  2053 | D:3      | Noticed Ijyb
  2338 | D:3      | Reached XP level 5. HP: 30/33 MP: 5/5
  2587 | D:3      | Killed Ijyb
  2898 | D:1      | Reached XP level 6. HP: 32/39 MP: 6/6
  3650 | D:3      | Reached skill level 5 in Unarmed Combat
  4008 | D:4      | Found a transporter.
  4019 | D:4      | Noticed Zonian's ghost (amateur GnTm)
  4019 | D:4      | Noticed an ogre
  4020 | D:4      | Noticed an ogre
  4501 | D:4      | Reached skill level 5 in Fighting
  4676 | D:5      | Entered Level 5 of the Dungeon
  4698 | D:5      | Found an ancient bone altar of Kikubaaqudgha.
  4702 | D:5      | Found a shimmering altar of Xom.
  4703 | D:5      | Found a snail-covered altar of Cheibriados.
  4704 | D:5      | Found a faded altar of an unknown god.
  4709 | D:5      | Found a faded altar of an unknown god.
  4835 | D:5      | Found a hide-covered altar of Uskayaw.
  4960 | D:5      | Noticed an ogre
  5053 | D:5      | Mangled by an ogre

Illustrated notes

Levels and vault maps discovered:
D:1:      giann_forest_graveyard, layout_rooms
D:2:      layout_basic, elyvilon_altar_4, uniq_jessica
D:3:      minmay_skewed_foursquare, layout_loops_ring,
          chequers_serial_rivers_micro_d, uniq_ijyb
D:4:      layout_loops_cross, gammafunk_ghost_smash
D:5:      layout_basic, chequers_temple_overflow_minitemple,
          dancing_weapons_uskayaw, skrybe_limestone_x, uniq_edmund

Skill      XL: |  1  2  3  4  5  6 |
---------------+-------------------+-----
Unarmed Combat | 3 4 5 |  5.6
Fighting       | 4 5 |  5.2
Armour         | |  2.4
Shields        | |  2.4

Action                   |  1- 3 |  4- 6 || total
-------------------------+-------+-------++-------
Melee: Unarmed           |   111 |   279 ||   390
       Punch             |     3 |     8 ||    11
Throw: Dart              |       |     2 ||     2
Evoke: Wand              |       |     4 ||     4
  Use: Scroll            |     3 |     6 ||     9
 Stab: Paralysed         |       |    22 ||    22
Armor: Scale mail        |    39 |    71 ||   110
       Plate armour      |       |    23 ||    23
Dodge: Dodged            |    52 |   113 ||   165

Table legend: (Time is in decaauts)
 A = Elapsed time spent in this place.
 B = Non-inter-level travel time spent in this place.
 C = Inter-level travel time spent in this place.
 D = Time resting spent in this place.
 E = Time spent auto-exploring this place.
 F = Levels seen in this place.
 G = Mean time per level.
                   A        B        C        D        E       F      G
               +--------+--------+--------+--------+--------+-----+--------+
         Total |   5023 |   4841 |    182 |   1678 |   2280 |   5 | 1004.6 |
       Dungeon |   5023 |   4841 |    182 |   1678 |   2280 |   5 | 1004.6 |
               +--------+--------+--------+--------+--------+-----+--------+

Top non-repeatable levels by time:
     D:1: 1413 daAuts
     D:3: 1389 daAuts
     D:2: 1072 daAuts
     D:4: 774 daAuts
     D:5: 373 daAuts
